 Dungeon Sprint DCSS version 0.27-a0-1322-gfdffb62a71 (webtiles) character file.

Game seed: 9140339914076217062

3063 mhtbhm the Basher (level 9, -5/64 HPs)
             Began as a Gargoyle Monk on June 22, 2021.
             Was the Champion of Yredelemnul.
             Slain by a merfolk (9 damage)
             ... in the Dungeon (Sprint VII: "The Pits").
             The game lasted 00:04:37 (1704 turns).

mhtbhm the Basher (Gargoyle Monk)                   Turns: 1704, Time: 00:04:37

Health: -5/64      AC: 33    Str: 16    XL:     9   Next: 88%
Magic:  11/15      EV:  7    Int: 13    God:    Yredelemnul [******]
Gold:   0          SH:  0    Dex: 12    Spells: 8/8 levels left

rFire    . . .     SeeInvis .   a - +2 morningstar (protect)
rCold    . . .     Faith    .   (no shield)
rNeg     + . .     Spirit   .   b - +3 plate armour
rPois    ∞         Reflect  .   (no helmet)
rElec    +         Harm     .   s - +0 cloak
rCorr    .         Rampage  .   t - +0 pair of gloves
Will     .....     NoTele   +   r - +0 pair of boots
Stlth    ..........             (no amulet)
HPRegen  0.20/turn              (no ring)
MPRegen  0.14/turn              (no ring)

@: under a protective aura
A: sickness immunity, AC +6, negative energy resistance 1, electricity
resistance, torment resistance 1, petrification resistance
a: Renounce Religion, Recall Undead Slaves, Injury Mirror, Animate Dead, Drain
Life, Enslave Soul


You were in the Dungeon.
You worshipped Yredelemnul.
Yredelemnul was exalted by your worship.
You visited 1 branch

Inventory:

Hand Weapons
 a - a +2 morningstar of protection (weapon)
Armour
 b - a +3 plate armour (worn)
 r - a +0 pair of boots (worn)
 s - a +0 cloak (worn)
 t - a +0 pair of gloves (worn)
Jewellery
 l - a +3 ring of intelligence
 o - a +3 ring of strength
Scrolls
 h - a scroll of blinking
 j - 5 scrolls of amnesia
 k - a scroll of summoning
Potions
 c - 8 potions of curing
 d - 2 potions of heal wounds
 e - a potion of haste
 f - 4 potions of magic
 g - 3 potions of berserk rage
 i - 2 potions of invisibility
 m - 3 potions of might
 n - 3 potions of brilliance
 p - a potion of resistance
 q - a potion of mutation


   Skills:
 + Level 11.5 Fighting
 + Level 12.7 Maces & Flails
 + Level 7.8 Armour
 + Level 7.3 Dodging
 + Level 9.2 Stealth
 + Level 8.8 Invocations


You had 8 spell levels left.
You didn't know any spells.
Your spell library was empty.

Dungeon Overview and Level Annotations

Branches:
Dungeon (1/1)

Altars:
Ashenzari
Cheibriados
Dithmenos
Elyvilon
Fedhas
Gozag
Hepliaklqana
Kikubaaqudgha
Makhleb
Nemelex Xobeh
Okawaru
Qazlal
Ru
Sif Muna
Trog
Uskayaw
Vehumet
Wu Jian
Xom
Yredelemnul
Zin
The Shining One
Beogh
Jiyva
Lugonu


Innate Abilities, Weirdness & Mutations

You are immune to sickness and miasma.
Your stone body is resilient. (AC +6)
You are immune to poison.
You resist negative energy. (rN+)
You are resistant to electric shocks. (rElec)
You are resistant to unholy torment.
You are immune to petrification.


Message History

You swap places.
A jelly comes into view.
The jelly quivers.
Your flayed ghost cries, "Feel what I felt!"
Terrible wounds spread across more of the sea snake's body!
The sea snake closely misses you.
Your jackal zombie closely misses the sea snake.
Your phantasmal warrior hits the sea snake!!
The sea snake dies!
Yredelemnul accepts your kill.
Unknown command.
You swap places.
You call on the dead to rise...
The dead are slithering!
Your vampire casts a spell.
Your vampire flickers and vanishes for a moment.
Unknown command.
You swap places.
Your sea snake zombie bites the jelly!!
The jelly dies!
Yredelemnul accepts your kill.
Unknown command.
You swap places.
A manticore and a merfolk come into view.
The merfolk shouts!
There are monsters nearby!
Unknown command.
You puncture the manticore!
Your weapon exudes an aura of protection.
The manticore is moderately wounded.
The manticore bites you!
* * * LOW HITPOINT WARNING * * *
The manticore claws you but does no damage. x2
You puncture the manticore!
The manticore is heavily wounded.
The manticore bites you but does no damage.
The manticore claws you but does no damage.
The manticore claws you.
* * * LOW HITPOINT WARNING * * *
The merfolk hits you from afar with a +0 trident!
You die...
Your body rises from the dead as a mindless zombie.

#..)...+..'.ZZ###
#.)....+..Z)ZW.Z##
#...z.##..##ZZ.zZ##
#.z.###..ZZ###VWW.#
#.Z##.)..ZZ..###z###
#''#...#.Z#...#V...#
#..)..........+ZV..+
#++#...#..#...#WzZ.#
#..##........###@###
#...###....###mH..#
#....z##.Z##.....##
#..WWZ'z.+.....##
###.Z.'Z.+...##
###########


You could see a merfolk, a manticore (ally target), a friendly skeletal warrior,
a friendly flayed ghost, a friendly phantasmal warrior, 2 friendly vampires, a
friendly wraith, a friendly flying skull, a friendly wight, a friendly adder
zombie, a friendly sea snake zombie, a friendly jackal zombie and a friendly
wyvern zombie.

Vanquished Creatures
  A deep elf pyromancer (D)
  A wyvern (D)
  An acid dragon (D)
  A phantom (D)
  A bullfrog (D)
  2 iron imps (D)
  A mummy (D)
  2 adders (D)
  A goblin (D)
  A hobgoblin (D)
  A ball python (D)
  A bat (D)
14 creatures vanquished.

Vanquished Creatures (collateral kills)
  Erolcha (D)
  A sea snake (D)
  A lindwurm (D)
  A molten gargoyle (D)
  A freezing wraith (D)
  2 ice devils (D)
  A red devil (D)
  2 flying skulls (D)
  A steam dragon (D)
  A floating eye (D)
  A swamp drake (D)
  An ice beast (D)
  2 sky beasts (D)
  A centaur (D)
  A kobold brigand (D)
  A jelly (D)
  An orc priest (D)
  Jessica (D)
  An orc wizard (D)
  An adder (D)
  2 orcs (D)
  2 bat skeletons (D)
  3 jackals (D)
  A quokka (D)
  A rat (D)
32 creatures vanquished.

Vanquished Creatures (others)
  5 flying skulls (D)
  A vampire (D)
  4 wraiths (D)
  A centaur zombie (D)
  A goblin zombie (D)
12 creatures vanquished.

Grand Total: 58 creatures vanquished

Notes
Turn   | Place    | Note
-------+----------+-------------------------------------------
     0 | D        | mhtbhm the Gargoyle Monk began the quest for the Orb.
     0 | D        | Reached XP level 1. HP: 14/14 MP: 1/1
    17 | D        | Reached XP level 2. HP: 12/20 MP: 2/2
   145 | D        | Found a bloodstained altar of Trog.
   145 | D        | Found a shimmering blue altar of Sif Muna.
   145 | D        | Found a viscous altar of Jiyva.
   145 | D        | Found a hazy altar of Hepliaklqana.
   145 | D        | Found an opulent altar of Gozag.
   146 | D        | Found a glowing golden altar of the Shining One.
   146 | D        | Found a glowing silver altar of Zin.
   146 | D        | Found a basalt altar of Yredelemnul.
   146 | D        | Found a shimmering altar of Xom.
   146 | D        | Found an ornate altar of the Wu Jian Council.
   146 | D        | Found a sacrificial altar of Ru.
   146 | D        | Found a stormy altar of Qazlal.
   146 | D        | Found an iron altar of Okawaru.
   146 | D        | Found a sparkling altar of Nemelex Xobeh.
   146 | D        | Found a burning altar of Makhleb.
   146 | D        | Found a blossoming altar of Fedhas.
   146 | D        | Found a white marble altar of Elyvilon.
   146 | D        | Found a shadowy altar of Dithmenos.
   146 | D        | Found a snail-covered altar of Cheibriados.
   148 | D        | Found a radiant altar of Vehumet.
   148 | D        | Found a corrupted altar of Lugonu.
   149 | D        | Found a hide-covered altar of Uskayaw.
   149 | D        | Found an ancient bone altar of Kikubaaqudgha.
   149 | D        | Found a broken altar of Ashenzari.
   157 | D        | Became a worshipper of Yredelemnul the Dark
   157 | D        | Reached * piety under Yredelemnul
   157 | D        | Reached ** piety under Yredelemnul
   201 | D        | Reached skill level 4 in Maces & Flails
   322 | D        | Reached *** piety under Yredelemnul
   351 | D        | Noticed a floating eye
   358 | D        | Paralysed by a floating eye for 3 turns
   360 | D        | Received a gift from Yredelemnul (5 flying skulls)
   361 | D        | Killed a floating eye
   362 | D        | Reached skill level 5 in Fighting
   362 | D        | Reached skill level 5 in Maces & Flails
   362 | D        | Reached XP level 3. HP: 20/27 MP: 3/3
   362 | D        | Reached XP level 4. HP: 24/32 MP: 4/4
   364 | D        | Reached skill level 6 in Maces & Flails
   473 | D        | Noticed a sky beast
   473 | D        | Noticed a flying skull
   500 | D        | Received a gift from Yredelemnul (a flying skull)
   501 | D        | Reached XP level 5. HP: 23/36 MP: 5/5
   502 | D        | Reached **** piety under Yredelemnul
   503 | D        | Reached skill level 5 in Dodging
   503 | D        | Killed a flying skull
   504 | D        | Reached skill level 7 in Maces & Flails
   504 | D        | Reached skill level 1 in Armour
   504 | D        | Reached skill level 1 in Invocations
   518 | D        | Killed a sky beast
   519 | D        | Reached skill level 8 in Maces & Flails
   519 | D        | Reached skill level 5 in Stealth
   519 | D        | Reached XP level 6. HP: 30/44 MP: 5/7
   702 | D        | Reached ***** piety under Yredelemnul
   703 | D        | Received a gift from Yredelemnul (a wight)
   703 | D        | Received a gift from Yredelemnul (a wraith)
   703 | D        | Received a gift from Yredelemnul (a wraith)
   822 | D        | Noticed a steam dragon
   825 | D        | Killed a steam dragon
   826 | D        | Reached skill level 9 in Maces & Flails
   826 | D        | Reached XP level 7. HP: 49/50 MP: 7/9
   837 | D        | Received a gift from Yredelemnul (a wraith)
   920 | D        | Received a gift from Yredelemnul (a vampire)
   921 | D        | Reached skill level 10 in Maces & Flails
   923 | D        | Received a gift from Yredelemnul (a vampire)
   923 | D        | Received a gift from Yredelemnul (a vampire)
   923 | D        | Received a gift from Yredelemnul (a wraith)
  1066 | D        | Noticed a red devil
  1066 | D        | Noticed a molten gargoyle
  1074 | D        | Killed a red devil
  1075 | D        | Reached XP level 8. HP: 16/56 MP: 8/11
  1076 | D        | Killed a molten gargoyle
  1303 | D        | Noticed a deep elf pyromancer
  1304 | D        | Noticed a wyvern
  1305 | D        | Noticed a lindwurm
  1309 | D        | Killed a deep elf pyromancer
  1310 | D        | Reached skill level 11 in Maces & Flails
  1310 | D        | Reached skill level 5 in Armour
  1310 | D        | Reached skill level 5 in Invocations
  1313 | D        | Killed a wyvern
  1313 | D        | Received a gift from Yredelemnul (a wraith)
  1314 | D        | Reached skill level 10 in Fighting
  1324 | D        | Killed a lindwurm
  1325 | D        | Received a gift from Yredelemnul (a skeletal warrior)
  1325 | D        | Reached XP level 9. HP: 6/63 MP: 10/13
  1333 | D        | Noticed an ice devil
  1349 | D        | Killed an ice devil
  1620 | D        | Reached ****** piety under Yredelemnul
  1621 | D        | Received a gift from Yredelemnul (a wraith)
  1621 | D        | Received a gift from Yredelemnul (a phantasmal warrior)
  1662 | D        | Noticed Jessica
  1662 | D        | Noticed Erolcha
  1662 | D        | Noticed a freezing wraith
  1668 | D        | Killed Jessica
  1678 | D        | Killed a freezing wraith
  1679 | D        | Reached skill level 12 in Maces & Flails
  1679 | D        | Killed Erolcha
  1680 | D        | Received a gift from Yredelemnul (a vampire)
  1681 | D        | Noticed an ice devil
  1683 | D        | Noticed a sea snake
  1688 | D        | Killed an ice devil
  1692 | D        | Received a gift from Yredelemnul (a flayed ghost)
  1697 | D        | Killed a sea snake
  1702 | D        | Noticed a manticore
  1702 | D        | Noticed a merfolk
  1704 | D        | Slain by a merfolk

Illustrated notes

Levels and vault maps discovered:
D:        pitsprint [storerooms_1, entrance_room_1, metal_vault_4, armoury_2,
          mini_pit_1, grid_room_1, main_hall_1, silver_pit, the_coven_3,
          the_vestibule_1, steel_vault_2, golden_pit, hallway_of_sentries,
          crystal_vault_2, iron_vault_1, final_vault]

Skill      XL: |  1  2  3  4  5  6  7  8  9 |
---------------+----------------------------+-----
Fighting       | 4 5 6 7 8 9 10 11 | 11.5
Dodging        | 3 4 5 6 7 |  7.3
Maces & Flails | 5 6 8 9 10 11 12 | 12.7
Stealth        | 3 4 5 6 7 8 9 |  9.2
Armour         | 1 2 4 6 7 |  7.8
Invocations    | 1 2 4 6 8 |  8.8

Action                   |  1- 3 |  4- 6 |  7- 9 || total
-------------------------+-------+-------+-------++-------
Melee: Mace              |    22 |    19 |    18 ||    59
       Morningstar       |       |       |    27 ||    27
Invok: Animate Remains   |     1 |       |       ||     1
       Animate Dead      |       |     4 |    12 ||    16
       Recall Undead Sla |       |       |     1 ||     1
  Use: Potion            |       |     1 |     3 ||     4
 Stab: Sleeping          |     1 |     1 |       ||     2
       Distracted        |       |     1 |     2 ||     3
Armor: Robe              |    14 |       |       ||    14
       Scale mail        |       |     3 |     3 ||     6
       Plate armour      |       |       |    24 ||    24
Dodge: Dodged            |    26 |    13 |    21 ||    60

Table legend: (Time is in decaauts)
 A = Elapsed time spent in this place.
 B = Non-inter-level travel time spent in this place.
 C = Inter-level travel time spent in this place.
 D = Time resting spent in this place.
 E = Time spent auto-exploring this place.
 F = Levels seen in this place.
 G = Mean time per level.
                   A        B        C        D        E       F      G
               +--------+--------+--------+--------+--------+-----+--------+
         Total |   1705 |   1705 |      0 |   1053 |     96 |   1 | 1705.0 |
       Dungeon |   1705 |   1705 |      0 |   1053 |     96 |   1 | 1705.0 |
               +--------+--------+--------+--------+--------+-----+--------+

Top non-repeatable levels by time:
       D: 1705 daAuts
